 Dungeon Crawl Stone Soup version 0.17.0-23-g0de4337 (webtiles) character file.

391774 oplop the Warrior (level 22, 0/211 HPs)
             Began as a Minotaur Fighter on Nov 14, 2015.
             Was the Champion of the Shining One.
             Slain by Dispater
             ... wielding the +4 Staff of Dispater
              (26 damage)
             ... on level 7 of the Iron City of Dis.
             The game lasted 02:43:03 (47964 turns).

oplop the Warrior (Minotaur Fighter)               Turns: 47964, Time: 02:43:04

Health: 0/211      AC: 45    Str: 30    XL:     22   Next: 63%
Magic:  13/31      EV: 15    Int:  8    God:    the Shining One [******]
Gold:   4793       SH: 14    Dex: 16    Spells: 0 memorised, 21 levels left

rFire  + + .     SeeInvis .     a - +3 battleaxe (flame)
rCold  + + .     Rnd*Rage +     D - +6 gold dragon armour
rNeg   + + +     SustAt   .     (shield currently unavailable)
rPois  +         Gourm    .     J - +1 hat
rElec  .         Spirit   .     i - +2 cloak "Jiudiunott" {rC+ Str+3 Int-2}
rCorr  .         Warding  .     I - +2 pair of gloves
rMut   .         Stasis   .     t - +1 pair of boots
MR     +++..                    Q - amulet of Pyromania {Faith +Fly rPois rF+ Dex+4}
Stlth  ..........               q - ring of the Mage {Wiz MR++ Int+3}
                                C - +3 ring of slaying

@: lethally poisoned (0 -> 0), divine shield, very slightly contaminated,
glowing, studying Fighting, extremely resistant to hostile enchantments,
extremely unstealthy
A: retaliatory headbutt, hooves 1, horns 2, thin metallic scales 1, yellow
scales 1, berserk 1, blink, breathe flames 1, clever 1, clumsy 1, low mp 1,
regeneration 1, shaggy fur 1, subdued magic 1
a: Blink, Divine Shield, Cleansing Flame, Summon Divine Warrior, Brand Weapon
With Holy Wrath, Renounce Religion, Breathe Fire, Evoke Flight


You were on level 7 of the Iron City of Dis.
You worshipped the Shining One.
The Shining One was exalted by your worship.
You were not hungry.

You visited 7 branches of the dungeon, and saw 43 of its levels.
You also visited: Labyrinth, Bailey and Ice Cave.

You collected 7208 gold pieces.
You spent 2415 gold pieces at shops.

Inventory:

Hand Weapons
 a - a +3 battleaxe of flaming (weapon)
 b - a +2 battleaxe of freezing
Armour
 i - the +2 cloak "Jiudiunott" (worn) {rC+ Str+3 Int-2}
   (You found it on level 1 of the Depths)

   It affects your strength (+3).
   It affects your intelligence (-2).
   It protects you from cold.
 t - a +1 pair of boots (worn)
 D - a +6 gold dragon armour (worn)
 I - a +2 pair of gloves (worn)
 J - a +1 hat (worn)
Jewellery
 q - the ring of the Mage (right hand) {Wiz MR++ Int+3}
   (You found it in an ice cave)

   [ring of wizardry]

   It improves your spell success rate.
   It affects your intelligence (+3).
   It affects your resistance to hostile enchantments.
 A - an uncursed ring of protection from magic
 C - a +3 ring of slaying (left hand)
 K - an uncursed amulet of resist mutation
 Q - the amulet of Pyromania (around neck) {Faith +Fly rPois rF+ Dex+4}
   (You found it on level 12 of the Dungeon)

   [amulet of faith]

   It allows you to gain divine favour quickly.
   It affects your dexterity (+4).
   It protects you from fire.
   It protects you from poison.
   It lets you fly.
 U - an uncursed ring of protection from cold
 V - the ring of the Townfolk {rPois MR+ Int+4}
   (You took it off a centaur warrior on level 4 of the Depths)

   [ring of poison resistance]

   It affects your intelligence (+4).
   It protects you from poison.
   It affects your resistance to hostile enchantments.
Wands
 y - a wand of heal wounds (4)
 O - a wand of teleportation (9)
 P - a wand of digging (5)
 R - a wand of disintegration (13)
Scrolls
 d - 2 scrolls of identify
 f - 6 scrolls of fear
 h - 7 scrolls of recharging
 l - 7 scrolls of teleportation
 m - 4 scrolls of fog
 o - 12 scrolls of remove curse
 v - 2 scrolls of blinking
 x - 8 scrolls of magic mapping
 B - 3 scrolls of amnesia
 G - 6 scrolls of immolation
 S - 5 scrolls of silence
 Y - 2 scrolls of enchant weapon
Potions
 g - 4 potions of might
 j - 4 potions of magic
 k - 6 potions of brilliance
 p - 5 potions of flight
 z - 3 potions of cure mutation
 F - 10 potions of curing
 H - 3 potions of agility
 N - 3 potions of cancellation
 T - 5 potions of haste
 X - a potion of resistance
 Z - 2 potions of heal wounds
Books
 L - a book of Geomancy

   Spells                             Type                      Level
   a - Sandblast                      Earth                        1
   b - Stoneskin                      Transmutation/Earth          2
   c - Passwall                       Transmutation/Earth          3
   d - Stone Arrow                    Conjuration/Earth            3
   e - Petrify                        Transmutation/Earth          4
   f - Lee's Rapid Deconstruction     Earth                        5
 W - a manual of Fighting
Miscellaneous
 c - a legendary deck of defence {the Elixir}
 w - a box of beasts
 E - a legendary deck of wonders {Dowsing}
 M - a legendary deck of war {the Potion}
Comestibles
 e - 19 bread rations
 r - 6 meat rations


   Skills:
 - Level 20.5 Fighting
 - Level 20.1 Axes
 - Level 19.2 Armour
 - Level 14.9 Dodging
   Level 15.4 Shields
 + Level 20.0 Invocations
 - Level 8.2 Evocations


You had 21 spell levels left.
You didn't know any spells.

Dungeon Overview and Level Annotations

Branches:
Dungeon (15/15)              Lair (8/8) D:9           Swamp (0/4) Lair:5
 Spider (0/4) Lair:5        Slime (0/6) Lair:8          Orc (4/4) D:9
    Elf (3/3) Orc:4        Vaults (0/5) D:13         Depths (5/5) D:15
   Hell (1/1)                 Dis (7/7) Hell            Zot (0/5) Depths:5
 Temple: D:4-7          Geh: Hell:1         Coc: Hell:1         Tar: Hell:1

Altars:
Cheibriados
Dithmenos
Elyvilon
Fedhas
Gozag
Kikubaaqudgha
Nemelex Xobeh
Okawaru
Ru
Sif Muna
Vehumet
Yredelemnul
Zin
The Shining One
Beogh

Shops:
D:5 *   D:9 *   D:13 [   Orc:3 *   Orc:4 ([(?   Elf:1 :   Elf:2 (   Elf:3 ?*[
Depths:2 ***

Portals:
Hell: Depths:1 Depths:2 Depths:3 Depths:4 Depths:5
Abyss: Depths:3 Depths:4
Pandemonium: Depths:3
Ziggurat: Depths:2

Annotations:
D:5 nht's ghost, novice OgEn
D:12 1 runed door
D:15 exclusion: Roxanne, Roxanne
Lair:1 exclusion: oklob plant
Lair:8 exclusion: oklob plant
Depths:3 6 runed doors, Mennas


Innate Abilities, Weirdness & Mutations

You reflexively headbutt those who attack you in melee.
You have a pair of horns on your head.
You have large cloven feet.
You are partially covered in thin metallic scales (AC +2).
You are partially covered in yellow scales (AC +2).
You tend to lose your temper in combat.
You can translocate small distances at will.
You can breathe flames.
Your mind is acute. (Int +2)
You are clumsy. (Dex -2)
Your magical capacity is low (-10% MP).
Your natural rate of healing is unusually fast.
You are covered in fur (AC +1).
Your spells are a little easier to cast, but a little less powerful.


Message History

* * * LOW HITPOINT WARNING * * *
You block the war gargoyle's attack. The iron golem misses you.
The reaper hits you from afar with a scythe of slicing.
* * * LOW HITPOINT WARNING * * *
x2 You block the iron dragon's attack.
The iron dragon claws you!
* * * LOW HITPOINT WARNING * * *
The iron dragon tramples you but does no damage.
A war gargoyle comes into view.
It is wielding a dire flail of protection.
Unknown command.
Unknown command.
Read which item? (? for menu, Esc to quit)
Blink to where?
Press: ? - help, Dir - move target cursor You are very lightly contaminated with residual magic.
As you read the scroll of blinking, it crumbles to dust.
A war gargoyle and an iron imp come into view.
Your surroundings suddenly seem different.
You are no longer corroded.
Dispater hits you with a golden staff!!
You die...

#####.....
##.........
#..........
#.........#
#........#
#........#
#..&.....#
#..@.....#
#φ......##
#########


You could see Dispater.

Vanquished Creatures
  A juggernaut (Depths:4)
  Frederick (Depths:3)
  Geryon (Hell)
  A caustic shrike (Depths:4)
  3 golden dragons
  A Brimstone Fiend (Dis:5)
  2 tentacled monstrosities
  Rupert (Lair:8)
  A Hell Sentinel (Dis:4)
  2 deep elf blademasters (Elf:3)
  6 liches
  2 quicksilver dragons
  2 titans
  2 deep elf master archers (Elf:3)
  Gastronok (Lair:1)
  4 sphinxes
  4 storm dragons
  4 tengu reavers
  An azure jelly (Lair:8)
  Wiglaf (Elf:2)
  15 frost giants
  Maud (D:10)
  8 deep elf sorcerers
  An orc warlord (Orc:4)
  7 fire giants
  5 iron dragons
  A draconian zealot (Depths:5)
  4 spriggan defenders (Depths:4)
  2 large abominations (Elf:3)
  11 reapers
  A draconian annihilator (Depths:5)
  15 very ugly things
  19 stone giants
  A caustic shrike skeleton (Depths:4)
  4 vampire knights
  A green draconian (Depths:5)
  6 deep elf demonologists (Elf:3)
  A lorocyproca (Dis:6)
  A black draconian (Depths:5)
  Azrael (Orc:4)
  2 yellow draconians (Depths:5)
  2 white draconians (Depths:5)
  10 deep elf annihilators (Elf:3)
  A green death (Dis:2)
  9 ettins
  Snorg (D:14)
  A blizzard demon (Hell)
  A minotaur (Lab)
  6 deep elf death magi (Elf:3)
  13 fire dragons
  Josephine (Orc:4)
  7 deep elf high priests
  13 yaktaur captains
  17 ice dragons
  7 hydras
  4 spriggan air magi
  9 great orbs of eyes
  Harold (Orc:1)
  5 entropy weavers
  An ice dragon (shapeshifter) (Depths:4)
  8 rakshasas
  The ghost of stickyfingers the Basher, a journeyman HuAs of Makhleb (IceCv)
  A catoblepas (D:13)
  8 centaur warriors
  The ghost of ventricule the Grappler, a novice TrSu (Lair:2)
  14 dancing weapons
  17 deep troll shamans
  4 ogre magi
  6 death yaks
  A titan zombie (Dis:5)
  8 deep troll earth magi
  9 tengu warriors
  4 spriggan berserkers
  2 orc high priests (Orc:4)
  17 iron golems (Dis:4)
  6 hell hogs
  13 deep elf knights
  A storm dragon zombie (Dis:3)
  2 unseen horrors
  4 giant orange brains
  21 deep trolls
  13 hell knights
  15 iron trolls
  3 ice devils
  3 hill giants
  2 flayed ghosts
  A sea snake (shapeshifter) (Depths:5)
  A shadow demon (Dis:1)
  2 anaconda zombies
  A giant orange brain (shapeshifter) (Depths:4)
  5 deep elf summoners
  Pikel (D:8)
  A phantasmal warrior (Dis:5)
  A wolf spider zombie (Dis:3)
  7 deep elf conjurers
  A wizard (Depths:1)
  2 orc sorcerers
  A fire giant zombie (Dis:5)
  6 necromancers
  3 orc knights
  An iron dragon zombie (Dis:5)
  3 manticores
  2 stone giant zombies
  4 cyclopes
  21 rust devils
  A griffon (Lair:7)
  42 ugly things
  A frost giant zombie (Dis:5)
  19 elephants
  A stone giant skeleton (Dis:6)
  Maurice (Orc:1)
  A spriggan zombie (Depths:4)
  Joseph (D:9)
  3 centaur zombies
  2 guardian serpents (Depths:2)
  14 spiny frogs
  An ice statue (IceCv)
  4 black mambas
  3 gargoyles
  A torpor snail (Lair:4)
  20 yaktaurs
  5 spectral swamp worms (Depths:3)
  10 tormentors
  A komodo dragon (shapeshifter) (D:15)
  6 komodo dragons
  4 fire drakes
  A golden dragon simulacrum (Depths:5)
  3 tengu conjurers
  5 hellions
  2 freezing wraiths
  2 kobold demonologists (D:15)
  5 red devils
  5 blue devils
  3 trolls
  A polar bear (shapeshifter) (Elf:3)
  A harpy zombie (Dis:5)
  30 slime creatures
  20 deep elf priests
  2 giant leeches (Lair:8)
  21 blink frogs
  Grinder (D:3)
  11 two-headed ogres
  A blink frog (shapeshifter) (Depths:4)
  Prince Ribbit (D:9)
  13 polar bears (IceCv)
  A troll (shapeshifter) (D:15)
  A raiju (shapeshifter) (Depths:4)
  A jumping spider (Lair:5)
  An alligator zombie (Hell)
  3 flying skulls (Dis:4)
  2 ice dragon zombies
  A harpy skeleton (D:15)
  A trapdoor spider (D:15)
  4 water elementals
  56 yaks
  4 air elementals
  6 shadows
  29 deep elf magi
  5 redbacks
  A vampire (D:15)
  3 spriggans (Depths:4)
  10 wraiths
  3 wyverns
  4 basilisks
  3 vampire mosquitoes (Lair:8)
  A fire elemental (Hell)
  Grum (D:9)
  A redback simulacrum (D:14)
  4 mottled dragons
  2 wargs
  10 hippogriffs
  A steam dragon (D:10)
  2 hungry ghosts
  35 wolves
  19 deep elf fighters
  26 hell hounds
  6 swamp worms (Lair:5)
  13 water moccasins
  A soldier ant (D:10)
  A swamp drake (D:9)
  9 porcupines
  36 orc warriors
  4 wasps
  A spider (Lair:5)
  2 ice beasts (shapeshifter)
  16 boggarts
  30 ogres
  5 sky beasts
  A necrophage (Dis:5)
  2 black bears
  16 ice beasts
  4 phantoms
  A snapping turtle skeleton (Dis:4)
  6 centaurs
  36 giant frogs
  12 crocodiles
  A centaur (shapeshifter) (D:15)
  5 big kobolds
  A gnoll sergeant (D:9)
  2 wyvern skeletons
  19 killer bees
  13 wights
  8 electric eels
  4 crimson imps
  A quasit (Depths:3)
  3 giant frog zombies
  6 centaur skeletons
  3 giant frog skeletons
  3 jellies
  Ijyb (D:2)
  6 hounds
  21 iron imps
  34 orc wizards
  Terence (D:2)
  18 orc priests
  15 sheep
  13 worker ants
  13 iguanas
  A hound skeleton (D:8)
  2 mummies
  A worker ant zombie (D:8)
  8 gnolls
  64 river rats
  15 adders
  3 shadow imps
  A white imp (D:15)
  2 oozes (D:3)
  A worm (D:2)
  12 giant geckos
  174 orcs
  A ball python (D:3)
  5 bats
  4 giant cockroaches
  5 goblins
  4 hobgoblins
  10 jackals
  30 kobolds
  4 quokkas
  A giant cockroach zombie (D:5)
  11 giant newts
  A jackal zombie (D:5)
  8 rats
  7 crawling corpses
  8 fungi
1791 creatures vanquished.

Vanquished Creatures (collateral kills)
  Margery (Depths:4)
  Saint Roka (Elf:2)
  A golden dragon (Depths:2)
  Jory (Depths:4)
  A titan (Depths:4)
  A tengu reaver (Depths:4)
  A storm dragon (Depths:3)
  An iron dragon (Depths:4)
  A reaper (Dis:4)
  A fire dragon (Depths:4)
  3 dancing weapons (Elf:2)
  A deep elf knight (Elf:2)
  2 hell knights
  An iron troll (Dis:4)
  A necromancer (Dis:4)
  A stone giant zombie (Dis:4)
  4 rust devils (Dis:4)
  A red devil (Dis:4)
  A deep elf mage (Elf:2)
  An orc wizard (Elf:2)
  A fungus (Lair:8)
27 creatures vanquished.

Vanquished Creatures (others)
  A very ugly thing (Depths:1)
  A deep elf priest (Elf:2)
  A phantom (D:8)
  A centaur (Depths:2)
  A scorpion (D:8)
  An orc wizard (Orc:4)
  An adder (D:8)
  2 orcs
  11 fungi
  4 plants
24 creatures vanquished.

Grand Total: 1842 creatures vanquished

Notes
Turn   | Place    | Note
--------------------------------------------------------------
     0 | D:1      | oplop the Minotaur Fighter began the quest for the Orb.
     0 | D:1      | Reached XP level 1. HP: 19/19 MP: 0/0
   105 | D:1      | Reached XP level 2. HP: 27/27 MP: 1/1
   231 | D:1      | Reached skill level 4 in Armour
   484 | D:1      | Reached XP level 3. HP: 33/33 MP: 2/2
   721 | D:2      | Found a sparkling altar of Nemelex Xobeh.
   724 | D:2      | Noticed Terence
   729 | D:2      | Killed Terence
   764 | D:2      | Reached XP level 4. HP: 32/40 MP: 3/3
  1212 | D:2      | Noticed Ijyb
  1225 | D:2      | Killed Ijyb
  1288 | D:2      | Noticed an angel
  1289 | D:2      | Found a glowing silver altar of Zin.
  1373 | D:3      | Reached XP level 5. HP: 47/47 MP: 4/4
  1505 | D:3      | You fall through a shaft for 3 floors!
  1574 | D:6      | Reached skill level 5 in Armour
  1641 | D:6      | Reached skill level 5 in Shields
  1817 | D:5      | Entered Level 5 of the Dungeon
  1826 | D:5      | Noticed nht's ghost (novice OgEn)
  1909 | D:6      | Found a glowing golden altar of the Shining One.
  1918 | D:6      | Became a worshipper of the Shining One
  2246 | D:5      | Reached skill level 5 in Fighting
  2246 | D:5      | Reached XP level 6. HP: 33/56 MP: 5/5
  2524 | D:5      | Noticed an ice beast
  2534 | D:5      | Killed an ice beast
  2581 | D:5      | Found a radiant altar of Vehumet.
  2618 | D:5      | Found Hossecs's Serpentskin Sales.
  2618 | D:5      | Noticed a water moccasin
  2625 | D:5      | Killed a water moccasin
  2625 | D:5      | Reached skill level 5 in Axes
  2625 | D:5      | Reached XP level 7. HP: 38/62 MP: 6/6
  2738 | D:5      | Reached skill level 6 in Armour
  2748 | D:5      | Noticed an ice beast
  2790 | D:5      | Killed an ice beast
  3408 | D:4      | Reached * piety under the Shining One
  3658 | D:4      | Reached XP level 8. HP: 71/71 MP: 7/7
  4165 | D:3      | Found a sacrificial altar of Ru.
  4355 | D:3      | Noticed Grinder
  4364 | D:3      | Killed Grinder
  4364 | D:3      | Reached skill level 7 in Fighting
  5041 | D:7      | Reached skill level 1 in Invocations
  5107 | D:7      | You fall through a shaft!
  5145 | D:8      | Noticed Pikel
  5170 | D:8      | Killed Pikel
  5170 | D:8      | Reached XP level 9. HP: 59/81 MP: 7/9
  5252 | D:8      | Reached skill level 8 in Shields
  5353 | D:8      | Reached ** piety under the Shining One
  5491 | D:8      | Found a radiant altar of Vehumet.
  5856 | D:9      | Found Suny's General Store.
  5856 | D:9      | Noticed Prince Ribbit
  5955 | D:9      | Bought a +2 pair of gloves for 247 gold pieces
  6003 | D:9      | Found a staircase to the Lair.
  6004 | D:9      | Noticed a komodo dragon
  6044 | D:9      | Killed a komodo dragon
  6229 | D:9      | Killed Prince Ribbit
  6331 | D:9      | Reached skill level 9 in Fighting
  6373 | D:9      | Found a blossoming altar of Fedhas.
  6665 | D:9      | Found a staircase to the Orcish Mines.
  6678 | D:9      | Reached XP level 10. HP: 83/91 MP: 12/12
  6689 | D:9      | Was placed under penance by the Shining One
  7113 | D:9      | Found a white marble altar of Elyvilon.
  7153 | D:9      | Noticed Grum
  7197 | D:9      | Noticed Joseph
  7213 | D:9      | Killed Joseph
  7213 | D:9      | Reached skill level 5 in Invocations
  7217 | D:9      | Found a glowing silver altar of Zin.
  7253 | D:9      | Killed Grum
  7368 | D:9      | Found a basalt altar of Yredelemnul.
  7414 | D:10     | Entered Level 10 of the Dungeon
  7415 | D:10     | Noticed Maud
  7485 | D:10     | Killed Maud
  7606 | D:10     | Reached skill level 10 in Fighting
  7606 | D:10     | Reached skill level 10 in Shields
  7619 | D:10     | Was forgiven by the Shining One
  7833 | D:10     | Reached skill level 10 in Armour
  7995 | D:11     | Reached XP level 11. HP: 94/100 MP: 14/14
  8180 | D:11     | Noticed a cyclops
  8190 | D:11     | Killed a cyclops
  8190 | D:11     | Reached skill level 10 in Axes
  8239 | D:11     | Noticed a cyclops
  8249 | D:11     | Killed a cyclops
  8592 | D:11     | Found an ancient bone altar of Kikubaaqudgha.
  8624 | D:11     | Reached *** piety under the Shining One
  8898 | D:12     | Found a glowing silver altar of Zin.
  8899 | D:12     | Noticed an angel
  8916 | D:12     | Got a glittering emerald amulet
  8917 | D:12     | Identified the amulet of Pyromania {Faith +Fly rPois rF+ Dex+4} (You found it on level 12 of the Dungeon)
  8927 | D:12     | Found a runed door.
  8956 | D:12     | Reached skill level 11 in Shields
  9311 | D:12     | Noticed a hill giant
  9328 | D:12     | Killed a hill giant
  9518 | D:12     | Got a steaming chain mail
  9529 | D:12     | Identified the +3 chain mail of the Realm of Zot {+Inv rN+ Int+3 Slay+3} (You found it on level 12 of the Dungeon)
  9679 | D:12     | Noticed a six-headed hydra
  9732 | D:13     | Noticed an enchanted long sword
  9732 | D:13     | Reached **** piety under the Shining One
  9742 | D:13     | Reached XP level 12. HP: 64/110 MP: 13/16
  9744 | D:13     | Killed an enchanted long sword
  9745 | D:13     | Noticed an enchanted long sword
  9755 | D:13     | Killed an enchanted long sword
  9930 | D:13     | Noticed a centaur warrior
  9947 | D:13     | Killed a centaur warrior
 10127 | D:13     | Noticed a four-headed hydra
 10210 | D:12     | Noticed an unseen horror
 10220 | D:12     | Killed an unseen horror
 10369 | D:12     | Reached skill level 12 in Shields
 10572 | D:13     | Noticed a catoblepas
 10574 | D:13     | Found Lulic's Armour Emporium.
 10588 | D:13     | Killed a catoblepas
 10693 | D:13     | Found a gate to the Vaults.
 11294 | D:14     | Noticed Snorg
 11307 | D:14     | Killed Snorg
 11766 | D:14     | You fall through a shaft!
 11766 | D:15     | Entered Level 15 of the Dungeon
 11766 | D:15     | Noticed an ogre mage
 12110 | D:14     | You fall through a shaft!
 12110 | D:15     | Noticed Roxanne
 12137 | D:15     | Reached XP level 13. HP: 119/119 MP: 18/18
 12803 | Lair:1   | Entered Level 1 of the Lair of Beasts
 12922 | Orc:1    | Entered Level 1 of the Orcish Mines
 12977 | Orc:1    | Noticed Maurice
 12992 | Orc:1    | Killed Maurice
 13260 | Orc:1    | Noticed Harold
 13277 | Orc:1    | Killed Harold
 13764 | Orc:3    | Found a flagged portal.
 13802 | Bailey   | Entered a bailey
 14692 | Orc:3    | Reached skill level 1 in Dodging
 14781 | Orc:3    | Reached skill level 13 in Shields
 14902 | Orc:3    | Found Zarghen's General Store.
 15175 | Orc:4    | Entered Level 4 of the Orcish Mines
 15219 | Orc:4    | Found a roughly hewn altar of Beogh.
 15325 | Orc:4    | Noticed Azrael
 15326 | Orc:4    | Reached ***** piety under the Shining One
 15349 | Orc:4    | Killed Azrael
 15518 | Orc:4    | Found an iron altar of Okawaru.
 15525 | Orc:4    | Noticed Josephine
 15536 | Orc:4    | Killed Josephine
 15655 | Orc:4    | Found a roughly hewn altar of Beogh.
 15656 | Orc:4    | Found Wunt's Magic Scroll Boutique.
 15660 | Orc:4    | Paralysed by an orc sorcerer for 7 turns
 15690 | Orc:4    | Bought a scroll of magic mapping for 45 gold pieces
 15690 | Orc:4    | Bought a scroll of blinking for 97 gold pieces
 15690 | Orc:4    | Bought a scroll of identify for 26 gold pieces
 15690 | Orc:4    | Bought a scroll of identify for 26 gold pieces
 15690 | Orc:4    | Bought a scroll of identify for 26 gold pieces
 15690 | Orc:4    | Bought a scroll of identify for 26 gold pieces
 15690 | Orc:4    | Bought a scroll of magic mapping for 45 gold pieces
 15690 | Orc:4    | Bought a scroll of identify for 26 gold pieces
 15690 | Orc:4    | Bought a scroll of identify for 26 gold pieces
 15846 | Orc:4    | Found a roughly hewn altar of Beogh.
 15880 | Orc:4    | Noticed an orc warlord
 16068 | Lair:1   | Noticed Gastronok
 16077 | Lair:1   | Killed Gastronok
 16516 | Lair:1   | Reached skill level 10 in Invocations
 16789 | Lair:2   | Found a frozen archway.
 16852 | IceCv    | Entered an ice cave
 16931 | IceCv    | Noticed stickyfingers's ghost (journeyman HuAs)
 16950 | IceCv    | Killed stickyfingers's ghost
 17030 | IceCv    | Reached XP level 14. HP: 106/130 MP: 20/20
 17311 | IceCv    | Reached skill level 5 in Dodging
 17439 | IceCv    | Noticed a frost giant
 17452 | IceCv    | Reached skill level 14 in Fighting
 17676 | IceCv    | Killed a frost giant
 17737 | Lair:2   | Got a pair of brightly glowing boots
 17748 | Lair:2   | Identified the cursed +0 pair of boots "Oxtyasuatz" {*Drain rPois SInv} (You found it on level 2 of the Lair of Beasts)
 17839 | Lair:2   | Noticed ventricule's ghost (novice TrSu)
 17856 | Lair:2   | Killed ventricule's ghost
 18422 | Lair:3   | Found a labyrinth entrance.
 18433 | Lab      | Entered a labyrinth
 18637 | Lab      | Identified Uclat Ygiwn's Reference Book on Gliding Benedictions
 20358 | Lair:5   | Found a hole to the Spider Nest.
 20921 | Lair:5   | Found a staircase to the Swamp.
 21316 | Lair:6   | Reached XP level 15. HP: 139/139 MP: 22/22
 22482 | Lair:8   | Entered Level 8 of the Lair of Beasts
 22535 | Lair:8   | Reached skill level 15 in Fighting
 22644 | Lair:8   | Reached skill level 15 in Shields
 23085 | Lair:8   | Noticed Rupert
 23457 | Lair:8   | Killed Rupert
 23457 | Lair:8   | Reached skill level 15 in Axes
 23471 | Lair:8   | Noticed an azure jelly
 23476 | Lair:8   | Killed an azure jelly
 23505 | Lair:8   | Found a staircase to the Slime Pits.
 23862 | Orc:4    | Noticed a stone giant
 23873 | Orc:4    | Killed a stone giant
 23894 | Orc:4    | Killed an orc warlord
 24016 | Orc:4    | Found Kumam's Antique Weapon Shop.
 24016 | Orc:4    | Found a roughly hewn altar of Beogh.
 24022 | Orc:4    | Found Pyophap's Antique Armour Boutique.
 24039 | Orc:4    | Bought a smoking leather armour for 217 gold pieces
 24049 | Orc:4    | Identified the +1 leather armour of Demons {Regen+ Dex+4} (You bought it in a shop on level 4 of the Orcish Mines)
 24066 | Orc:4    | Bought a fine war axe for 272 gold pieces
 24066 | Orc:4    | Identified the cursed +0 war axe "Irrout Pehaq" {pain, rF+} (You bought it in a shop on level 4 of the Orcish Mines)
 24094 | Orc:4    | Found a staircase to the Elven Halls.
 24140 | Orc:4    | Found a roughly hewn altar of Beogh.
 24150 | Orc:4    | Found Rachyff's Weapon Emporium.
 24740 | D:15     | Noticed a centaur warrior
 24749 | D:15     | Killed a centaur warrior
 25054 | D:15     | Found a staircase to the Depths.
 25186 | D:15     | Noticed a rakshasa
 25194 | D:15     | Killed a rakshasa
 25211 | D:15     | Reached ****** piety under the Shining One
 25283 | D:15     | Noticed a centaur warrior
 25289 | D:15     | Killed a centaur warrior
 25517 | D:15     | Killed an ogre mage
 25550 | D:15     | Reached XP level 16. HP: 130/150 MP: 21/24
 25962 | D:13     | Killed a one-headed hydra
 26158 | Elf:1    | Entered Level 1 of the Elven Halls
 26247 | Elf:1    | Reached skill level 16 in Fighting
 26610 | Elf:1    | Found Tiekkust's Book Emporium.
 27103 | Elf:2    | Reached skill level 10 in Dodging
 27320 | Elf:2    | Found Weatis's Weapon Shoppe.
 27448 | Elf:2    | Found a runed gate.
 27448 | Elf:2    | Found a runed gate.
 27448 | Elf:2    | Found a runed gate.
 27494 | Elf:2    | Noticed Saint Roka
 27506 | Elf:2    | Reached skill level 1 in Evocations
 27511 | Elf:2    | Killed Saint Roka
 27619 | Elf:2    | Noticed Wiglaf
 27639 | Elf:2    | Killed Wiglaf
 28963 | Depths:1 | Entered Level 1 of the Depths
 29671 | Depths:1 | Reached XP level 17. HP: 109/160 MP: 22/26
 29709 | Depths:1 | Found a gateway to Hell.
 30593 | Depths:1 | Reached skill level 5 in Evocations
 30611 | Depths:1 | Reached skill level 17 in Axes
 31280 | Depths:1 | Found a runed door.
 32116 | Depths:1 | Got a dazzling cloak
 32127 | Depths:1 | Identified the +2 cloak "Jiudiunott" {rC+ Str+3 Int-2} (You found it on level 1 of the Depths)
 32214 | Depths:2 | Found Gozag's Assorted Antiques.
 32705 | Depths:2 | HP: 8/160 [stone giant (25)]
 33186 | Depths:2 | Found a glowing golden altar of the Shining One.
 33231 | Depths:2 | Found an opulent altar of Gozag.
 33231 | Depths:2 | Found Gozag's Assorted Antiques.
 33232 | Depths:2 | Noticed a golden dragon
 33250 | Depths:2 | Killed a golden dragon
 33256 | Depths:2 | Found Gozag's Assorted Antiques.
 33403 | Depths:2 | Reached skill level 18 in Axes
 33499 | Depths:2 | Found a gateway to a ziggurat.
 33672 | Depths:2 | Reached XP level 18. HP: 161/168 MP: 28/28
 34256 | Depths:3 | Reached skill level 15 in Invocations
 35328 | Depths:3 | Found a large runed door.
 35335 | Depths:3 | Found a large runed door.
 35336 | Depths:3 | Noticed a golden dragon
 35336 | Depths:3 | Noticed a golden dragon
 35336 | Depths:3 | Noticed an ancient lich
 35337 | Depths:3 | Noticed a lich
 35337 | Depths:3 | Found a large runed door.
 35341 | Depths:3 | Found a large runed door.
 35348 | Depths:3 | Found a large runed door.
 35348 | Depths:3 | Found a large runed door.
 35451 | Depths:3 | Noticed Frederick
 35463 | Depths:3 | Killed Frederick
 35615 | Depths:3 | Reached skill level 19 in Axes
 35846 | Depths:3 | Noticed Mennas
 36083 | Depths:3 | Found a one-way gate leading to the halls of Pandemonium.
 36143 | Depths:3 | Found a one-way gate to the infinite horrors of the Abyss.
 37188 | Depths:4 | Found a basalt altar of Yredelemnul.
 37189 | Depths:4 | Found a shadowy altar of Dithmenos.
 37189 | Depths:4 | Found a snail-covered altar of Cheibriados.
 37213 | Depths:4 | Noticed a golden dragon
 37223 | Depths:4 | Killed a golden dragon
 37223 | Depths:4 | Reached XP level 19. HP: 122/174 MP: 26/29
 37248 | Depths:4 | Noticed Margery
 37261 | Depths:4 | Killed Margery
 37261 | Depths:4 | Reached skill level 15 in Armour
 38181 | Depths:4 | Noticed Jory
 38191 | Depths:4 | Killed Jory
 38517 | Depths:4 | Reached skill level 20 in Axes
 39381 | Depths:4 | Noticed a juggernaut
 40044 | Depths:4 | Noticed a caustic shrike
 40053 | Depths:4 | Killed a caustic shrike
 40180 | Depths:4 | Reached XP level 20. HP: 95/184 MP: 31/31
 40305 | Depths:4 | Noticed a golden dragon
 40307 | Depths:4 | Noticed a lich
 40317 | Depths:4 | Killed a golden dragon
 40384 | Depths:4 | Gained mutation: You are partially covered in yellow scales (AC +2). [potion of mutation]
 40384 | Depths:4 | Gained mutation: You can breathe flames. [potion of mutation]
 40384 | Depths:4 | Gained mutation: You are partially covered in thin metallic scales (AC +2). [potion of mutation]
 40385 | Depths:4 | Gained mutation: You are clumsy. (Dex -2) [potion of mutation]
 40386 | Depths:4 | Gained mutation: Your spells are a little easier to cast, but a little less powerful. [potion of mutation]
 40386 | Depths:4 | Gained mutation: You are covered in fur (AC +1). [potion of mutation]
 40386 | Depths:4 | Gained mutation: Your magical capacity is low (-10% MP). [potion of mutation]
 40387 | Depths:4 | Gained mutation: You have large cloven feet. [potion of mutation]
 40387 | Depths:4 | Gained mutation: You tend to lose your temper in combat. [potion of mutation]
 40388 | Depths:4 | Gained mutation: You can translocate small distances at will. [potion of mutation]
 40388 | Depths:4 | Gained mutation: Your mind is acute. (Int +2) [potion of mutation]
 40468 | Depths:4 | Killed a lich
 40470 | Depths:4 | Gained mutation: Your natural rate of healing is unusually fast. [potion of beneficial mutation]
 40499 | Depths:4 | Got a coiled granite ring
 40603 | Depths:4 | Identified the ring of the Townfolk {rPois MR+ Int+4} (You took it off a centaur warrior on level 4 of the Depths)
 41053 | Depths:4 | Killed a juggernaut
 41095 | Depths:5 | Entered Level 5 of the Depths
 42093 | Depths:5 | Found a gate to the Realm of Zot.
 42093 | Depths:5 | Noticed a golden dragon
 42117 | Depths:5 | Killed a golden dragon
 42226 | Depths:5 | Reached XP level 21. HP: 87/195 MP: 29/29
 43870 | Elf:3    | Entered Level 3 of the Elven Halls
 43906 | Elf:3    | Found Muklurol's Assorted Antiques.
 43915 | Elf:3    | Bought a potion of curing for 96 gold pieces
 43973 | Elf:3    | Found Tuwep's Antique Armour Shoppe.
 44154 | Elf:3    | Found Tocuh's Magic Scroll Boutique.
 44157 | Elf:3    | Bought a scroll of identify for 38 gold pieces
 44157 | Elf:3    | Bought a scroll of identify for 38 gold pieces
 44157 | Elf:3    | Bought a scroll of identify for 38 gold pieces
 44157 | Elf:3    | Bought a scroll of teleportation for 57 gold pieces
 44157 | Elf:3    | Bought a scroll of enchant armour for 142 gold pieces
 44157 | Elf:3    | Bought a scroll of teleportation for 57 gold pieces
 44157 | Elf:3    | Bought a scroll of identify for 38 gold pieces
 44218 | Elf:3    | Found a deep blue altar of Sif Muna.
 44295 | Elf:3    | Got an ancient whip
 44296 | Elf:3    | Identified the +3 whip of the Special Ships {flame, *Confuse rElec rC+ Dex+2} (You found it on level 3 of the Elven Halls)
 44515 | Elf:3    | Identified a scroll of acquirement
 44697 | Elf:3    | The Shining One protects you from harm!
 45109 | Elf:3    | Identified Sif Muna's Tome of the Voyage
 45115 | Elf:3    | Identified the Handbook of Self-Improvement
 45236 | Elf:3    | Identified a +4 rod of ignition (11/11) (You found it on level 3 of the Elven Halls)
 45322 | Elf:3    | Got a twisted scale mail
 45334 | Elf:3    | Identified the +3 scale mail "Adeagh" {rElec rCorr Str+4 Slay-5} (You took it off a deep elf high priest on level 3 of the Elven Halls)
 45668 | Orc:3    | Bought a scroll of enchant armour for 82 gold pieces
 45939 | Depths:2 | Bought a scroll of enchant armour for 750 gold pieces
 45975 | Hell     | Entered the Vestibule of Hell
 45980 | Hell     | Noticed Geryon
 46017 | Hell     | Killed Geryon
 46202 | Hell     | Found a gateway to the Iron City of Dis.
 46298 | Dis:1    | Entered Level 1 of the Iron City of Dis
 46418 | Dis:2    | Reached XP level 22. HP: 151/209 MP: 30/30
 47939 | Dis:7    | Entered Level 7 of the Iron City of Dis
 47964 | Dis:7    | Identified the +4 Staff of Dispater
 47964 | Dis:7    | Slain by Dispater

Action                   |  1- 3 |  4- 6 |  7- 9 | 10-12 | 13-15 | 16-18 | 19-21 | 22-24 || total
-------------------------+-------+-------+-------+-------+-------+-------+-------+-------++-------
Melee: War axe           |    69 |   145 |   234 |    52 |       |       |       |       ||   500
       Broad axe         |       |       |       |   482 |  1496 |   323 |       |       ||  2301
       Hand axe          |       |       |       |       |    38 |     5 |       |       ||    43
       Battleaxe         |       |       |       |       |       |   641 |  1031 |   420 ||  2092
Invok: Divine Shield     |       |       |       |     7 |    26 |    34 |    23 |     8 ||    98
       Cleansing Flame   |       |       |       |       |     6 |    11 |    11 |    27 ||    55
       Summon Divine War |       |       |       |       |     1 |     4 |     4 |     3 ||    12
Evoke: Wand              |       |     3 |     2 |     2 |     2 |     3 |     2 |     2 ||    16
  Use: Scroll            |     4 |     1 |       |    14 |    15 |    17 |    21 |     2 ||    74
       Potion            |       |       |     1 |     1 |     4 |     2 |     6 |       ||    14
 Stab: Paralysed         |       |       |     1 |       |       |       |       |       ||     1
  Eat: Chunk             |       |     4 |    12 |     6 |    21 |     2 |    10 |       ||    55
       Beef jerky        |       |     1 |     1 |     4 |     2 |       |     3 |       ||    11
       Pizza             |       |       |       |     1 |     1 |       |       |       ||     2
       Fruit             |       |       |       |     5 |    22 |    18 |     4 |       ||    49
       Meat ration       |       |       |       |       |     1 |     6 |     3 |     2 ||    12
       Bread ration      |       |       |       |       |       |       |       |     1 ||     1
